Map: King's Cove LE

Players

GOReynor (Reynor) - Winner!

  • Race: Zerg Zerg
  • League: Master
  • Spawn Location: 5:00

PtitDrogo

  • Race: Protoss Protoss
  • League: Master
  • Spawn Location: 11:00

Event: QLASH StarCraft II Invitational 2 Offline Finals

VOD

Have the link to the VOD?

Description

Time

  • Played on: July 27, 2019, 4:51 p.m.
  • Length: 12:01

All games in this series

Show
View Real Time Build Order
Export as new Build Order

GOReynor Zerg - Winner!

Build Orders: Pool First, Muta Ling Bane 

Get SALT Encoding   

  12  0:17  Spawning Pool  
  11  0:22  Drone  
  11  0:27  Drone  
  13  0:31  Drone  
  14  0:40  Overlord  
  14  1:04  Zergling x4  
  16  1:05  Zergling x2  
  17  1:15  Hatchery  
  16  1:19  Zergling x2  
  17  1:27  Zergling x2  
  18  1:35  Queen  
  20  1:43  Overlord  
  20  1:48  Drone  
  21  2:02  Drone  
  22  2:11  Drone, Extractor  
  22  2:20  Queen  
  22  2:23  Drone  
  23  2:30  Drone  
  23  2:31  Drone  
  25  2:39  Drone  
  25  2:42  Drone  
  27  2:49  Drone  
  27  2:50  Drone x2  
  30  2:51  Drone  
  30  2:53  Drone  
  32  2:59  Drone  
  33  3:07  Drone  
  33  3:11  Metabolic Boost  
  34  3:22  Hatchery  
  34  3:24  Overlord  
  33  3:28  Drone  
  33  3:29  Drone  
  35  3:43  Drone x6  
  41  3:52  Queen  
  41  3:53  Overlord  
  43  4:03  Overlord  
  43  4:10  Spore Crawler, Drone  
  43  4:12  Zergling x6  
  43  4:16  Zergling x2  
  47  4:18  Spore Crawler, Overlord  
  47  4:21  Zergling x6  
  49  4:25  Queen  
  49  4:29  Drone  
  52  4:31  Drone  
  52  4:36  Drone  
  54  4:39  Drone  
  54  4:40  Drone  
  54  4:41  Queen  
  58  4:45  Drone  
  58  4:48  Overlord  
  58  4:50  Drone x2  
  61  4:54  Drone x2  
  61  4:55  Drone x2  
  61  4:56  Drone  
  64  5:02  Lair  
  64  5:06  Roach Warren  
  63  5:08  Extractor  
  63  5:09  Extractor  
  63  5:11  Drone x3  
  63  5:13  Drone  
  63  5:16  Spore Crawler  
  63  5:17  Drone  
  63  5:18  Drone  
  63  5:23  Overlord  
  63  5:24  Drone  
  64  5:29  Overlord  
  64  5:33  Drone  
  64  5:35  Spore Crawler, Drone  
  61  5:36  Drone  
  61  5:39  Drone x2  
  61  5:41  Drone x2  
  66  5:43  Drone  
  66  5:48  Overlord  
  67  5:50  Drone x2  
  67  5:53  Drone x2  
  67  5:54  Drone x2  
  73  6:00  Drone x3  
  73  6:02  Extractor  
  73  6:04  Drone, Extractor  
  74  6:06  Drone x2  
  74  6:07  Drone  
  74  6:18  Drone x2, Spire  
  73  6:19  Drone x2  
  75  6:27  Overlord  
  75  6:33  Drone  
  75  6:34  Drone x2  
  75  6:35  Drone x3  
  81  6:40  Extractor  
  81  6:42  Drone x2  
  81  6:43  Overlord  
  81  6:46  Glial Reconstitution  
  82  6:47  Roach x4, Zergling x4  
  82  6:48  Zergling x2  
  93  6:55  Overlord  
  93  6:57  Roach  
  93  6:58  Roach  
  96  7:02  Roach x2  
  96  7:05  Overlord  
  96  7:07  Roach  
  96  7:08  Ravager x3  
  103  7:11  Roach x2  
  107  7:16  Zergling x6  
  107  7:18  Ravager  
  107  7:20  Roach x2, Zergling x6  
  118  7:23  Ravager  
  118  7:25  Zergling x2  
  120  7:31  Overlord  
  120  7:35  Zergling x8  
  120  7:36  Hatchery  
  122  7:38  Roach  
  122  7:41  Evolution Chamber  
  122  7:43  Overlord  
  124  7:50  Roach x3, Zergling x6  
  129  7:52  Zergling x2  
  129  7:55  Overlord  
  126  8:02  Roach x2, Zergling x2  
  124  8:10  Mutalisk x3  
  124  8:12  Mutalisk x3  
  130  8:15  Mutalisk  
  130  8:16  Hatchery  
  137  8:21  Zerg Missile Weapons Level 1  
  137  8:25  Overlord  
  137  8:27  Roach  
  137  8:28  Roach x2  
  137  8:29  Overlord  
  143  8:34  Roach  
  143  8:38  Overlord  
  144  8:43  Overlord  
  144  8:46  Roach x5, Baneling Nest  
  153  8:54  Drone  
  153  8:55  Drone x5  
  156  9:10  Drone x9  
  156  9:11  Zergling x6  
  156  9:15  Evolution Chamber  
  156  9:16  Roach  
  156  9:17  Roach  
  171  9:21  Ravager x2  
  171  9:22  Ravager  
  171  9:23  Overlord  
  174  9:26  Zergling x2  
  175  9:32  Overlord  
  175  9:35  Centrifical Hooks  
  175  9:42  Zergling x26  
  175  9:44  Zerg Melee Weapons Level 1  
  186  9:47  Hatchery  
  186  9:52  Roach x3  
  185  9:57  Zergling x4  
  185  9:59  Ravager  
  189  10:00  Ravager x3, Zergling x2  
  189  10:01  Zergling x2  
  193  10:07  Baneling  
  193  10:08  Baneling x18  
  193  10:12  Zergling x12  
  193  10:13  Baneling x7  
  199  10:18  Overlord  
  199  10:21  Extractor  
  195  10:34  Overlord  
  193  10:40  Zergling x18  
  193  10:41  Zergling x18  
  197  10:43  Baneling x13  
  190  10:54  Roach, Zergling x12  
  182  11:04  Zergling x14  
  182  11:06  Zergling x6  
  182  11:08  Zergling x2  
  178  11:12  Zergling x6  
  178  11:15  Roach  
  178  11:18  Zergling x4  
  165  11:20  Zergling x2  
  154  11:25  Zergling x2  
  154  11:29  Infestation Pit  
  154  11:30  Zergling x12  
  146  11:33  Roach x2, Zergling x6  
  146  11:34  Baneling x14  
  146  11:38  Roach x2, Zergling x2  
  152  11:41  Zergling x8  
  152  11:43  Zergling x10  
Show
View Real Time Build Order
Export as new Build Order

PtitDrogo Protoss 

Build Orders: Oracle Opening 

Get SALT Encoding   

  12  0:00  Probe  
  13  0:12  Probe  
  14  0:20  Pylon  
  14  0:25  Probe  
  15  0:34  Probe  
  15  0:42  Gateway, Probe  
  17  0:51  Assimilator  
  17  0:53  Probe  
  18  1:05  Probe  
  19  1:17  Probe  
  20  1:21  Zealot  
  20  1:24  Pylon  
  20  1:30  Cybernetics Core  
  20  1:32  Probe  
  23  1:44  Probe  
  24  1:47  Zealot  
  26  2:11  Nexus  
  26  2:13  Adept  
  25  2:17  Probe  
  28  2:32  Probe  
  28  2:36  Pylon  
  29  2:39  Assimilator  
  29  2:44  Probe  
  30  2:53  Warp Gate  
  30  2:54  Adept  
  30  2:58  Probe  
  33  3:03  Stargate  
  33  3:10  Probe  
  34  3:19  Probe  
  34  3:21  Probe  
  36  3:27  Probe  
  36  3:29  Probe  
  38  3:36  Probe  
  38  3:39  Probe  
  39  3:44  Oracle  
  44  3:48  Probe  
  44  3:51  Probe  
  45  4:00  Probe  
  46  4:03  Probe  
  46  4:07  Pylon  
  47  4:11  Oracle  
  47  4:12  Probe  
  47  4:14  Assimilator  
  47  4:15  Probe  
  47  4:16  Gateway, Assimilator  
  49  4:20  Pylon  
  52  4:24  Probe  
  52  4:27  Probe  
  54  4:35  Robotics Facility  
  54  4:37  Probe  
  55  4:39  Probe  
  55  4:41  Stalker  
  55  4:45  Oracle  
  58  4:49  Probe  
  58  4:51  Probe  
  62  5:01  Probe  
  62  5:04  Probe  
  62  5:06  Zealot  
  66  5:15  Probe  
  66  5:18  Zealot, Immortal  
  62  5:22  Gateway x2  
  62  5:23  Gateway  
  62  5:24  Gateway  
  64  5:41  Probe  
  65  5:45  Probe  
  66  5:51  Sentry x2  
  70  5:57  Pylon  
  70  6:00  Pylon  
  70  6:13  Nexus  
  70  6:15  Warp Prism, Pylon  
  70  6:16  Probe x2  
  70  6:17  Sentry x2  
  70  6:18  Pylon  
  75  6:26  Zealot x2, Sentry x2  
  75  6:28  Probe x2  
  82  6:40  Probe x2  
  82  6:45  Sentry  
  86  6:47  Stalker x3  
  86  6:49  Pylon  
  86  6:52  Probe  
  93  6:55  Twilight Council  
  93  6:56  Observer  
  93  6:59  Forge  
  94  7:07  Stalker  
  96  7:09  Probe  
  96  7:21  Probe x2  
  98  7:24  Pylon  
  98  7:27  Stalker x3  
  98  7:28  Stalker  
  98  7:29  Probe  
  107  7:34  Probe  
  108  7:47  Stalker x2  
  102  7:58  Charge  
  100  8:01  Probe  
  100  8:02  Protoss Ground Weapons Level 1  
  100  8:03  Probe  
  100  8:04  Immortal  
  102  8:07  Probe  
  102  8:08  Assimilator  
  102  8:10  Assimilator  
  102  8:11  Templar Archives  
  101  8:14  Probe  
  101  8:15  Shield Battery, Probe  
  101  8:18  Photon Cannon  
  101  8:19  Probe  
  104  8:23  Photon Cannon  
  104  8:26  Zealot x5, Probe  
  115  8:30  Gateway  
  115  8:33  Gateway  
  115  8:45  Phoenix  
  119  8:55  High Templar x2, Zealot x4  
  127  9:05  Archon  
  127  9:07  Probe, Phoenix  
  127  9:08  Probe x2  
  124  9:14  Stargate  
  126  9:18  Photon Cannon  
  123  9:25  Probe, Phoenix  
  124  9:34  Probe  
  127  9:43  Stalker x3  
  133  9:49  Probe  
  133  9:50  Phoenix  
  133  9:57  Pylon  
  133  9:58  Pylon  
  133  10:01  Pylon  
  133  10:02  Shield Battery  
  133  10:10  Shield Battery  
  133  10:11  Shield Battery  
  133  10:15  Immortal, Photon Cannon, Phoenix x2  
  141  10:25  High Templar x4  
  141  10:26  Zealot x2  
  152  10:29  Archon x2  
  148  10:39  Probe  
  148  10:40  Probe  
  146  10:43  Probe  
  137  10:51  Probe  
  137  10:52  Probe  
  137  10:54  Immortal  
  137  10:56  Probe  
  134  10:58  Zealot x3, Sentry  
  134  11:04  Probe  
  128  11:10  Zealot x2  
  121  11:16  Zealot  
  113  11:24  Zealot x3  
  109  11:30  Zealot x2  
  93  11:37  High Templar x2  
  98  11:45  High Templar, Zealot  
  98  11:46  High Templar  
  90  11:50  Archon  
Tags
 
Add a new tag
Caveats
  • Supply blocks, unpowered buildings, or Contaminate may cause inaccurate times.
  • Supply counts are checked every 10 seconds.